 Dungeon Crawl Stone Soup version 0.27-a0-1065-ge809cff456 (webtiles) character file.

Game seed: 4038942803074152523

1 BritishOli the Sneak (level 1, -4/18 HPs)
             Began as a Demonspawn Delver on Apr 22, 2021.
             Slain by a river rat (8 damage)
             ... on level 4 of the Dungeon.
             The game lasted 00:01:15 (112 turns).

BritishOli the Sneak (Demonspawn Delver)             Turns: 112, Time: 00:01:18

Health: -4/18      AC:  3    Str: 12    XL:     1   Next: 16%
Magic:  1/1        EV: 11    Int: 11    God:
Gold:   18         SH:  0    Dex: 14    Spells: 0/0 levels left

rFire    . . .     SeeInvis .   a - +0 falchion
rCold    . . .     Faith    .   (no shield)
rNeg     . . .     Spirit   .   b - +0 leather armour
rPois    .         Reflect  .   (no helmet)
rElec    .         Harm     .   (no cloak)
rCorr    .         Rampage  .   (no gloves)
Will     .....                  (no boots)
Stlth    ++........             (no amulet)
HPRegen  0.06/turn              (no ring)
MPRegen  0.07/turn              (no ring)

@: no status effects
A: no striking features
a: no special abilities


You were on level 4 of the Dungeon.
You visited 1 branch of the dungeon, and saw 2 of its levels.

You collected 18 gold pieces.

Inventory:

Hand Weapons
 a - a +0 falchion (weapon)
Armour
 b - a +0 leather armour (worn)
Wands
 g - a wand of digging (3)
Scrolls
 c - a scroll of fog
 e - a scroll of fear
Potions
 f - a potion of haste


   Skills:
 + Level 3.0 Fighting
 * Level 1.8 Long Blades
 + Level 0.0 Armour
 + Level 1.8 Dodging
 - Level 4.5 Stealth


You couldn't memorise any spells.
You didn't know any spells.
Your spell library was empty.

Dungeon Overview and Level Annotations

Branches:
Dungeon (5/15)
 Temple: D:4-7

Altars:

Shops:
D:4 =


Message History

The endoplasm freezes you.
You are frozen.
You hit the endoplasm but do no damage.
The endoplasm is almost dead.
The endoplasm barely misses you.
You riposte.
You hit the endoplasm but do no damage.
The endoplasm is almost dead.
You hit the endoplasm.
You kill the endoplasm!
Found a pair of gloves.
A ball python, a rat and a river rat come into view.
You hit the river rat.
The river rat is lightly wounded.
The river rat bites you! The river rat closely misses you.
You riposte.
You hit the river rat.
The river rat is moderately wounded.
You are too injured to fight recklessly!
You are too injured to fight recklessly!
You hit the river rat.
The river rat is heavily wounded.
The river rat bites you but does no damage.
You hit the river rat but do no damage.
The river rat is heavily wounded.
The river rat completely misses you.
You riposte.
You hit the river rat but do no damage.
The river rat is heavily wounded.
You hit the river rat.
The river rat is almost dead.
The river rat bites you but does no damage.
You barely miss the river rat.
The river rat is almost dead.
The river rat closely misses you.
You riposte.
You closely miss the river rat.
The river rat is almost dead.
You hit the river rat but do no damage.
The river rat is almost dead.
You hear the rusting of a drain.
The river rat bites you.
* * * LOW HITPOINT WARNING * * *
The river rat bites you!
You die...

**,##.###* #...##..# *,,,,,****
*,,.....>###.....#*****,,,,,,<,
***h.,............>#∩≈≈≈≈********
..#..,......##..####≈≈≈r.*
..##.***#*#.....# *≈≈S≈.* ..##.*
#...<.# *≈≈≈..* **** ..*#.*
##.#.#.# **≈[..,* *,,, .,##.*
###..#...###..#**** *,⌠8
,,#..###...###..@r...#*** *,8*
**#.#....####...####....# ****,,*
#.#.#### #.### ***#.#**,,*8,*
#...## #.* *,,**,**,,*
#####..#### #.* **,**,**,,,
.###......#*#.** *,,*,*****
..##.####..#,,,* **,,,* #.#..#
*,....,* **,,***** #.#.##
*,,...,* **,,,,,,


You could see a river rat.

Vanquished Creatures
  An endoplasm (D:4)
1 creature vanquished.

Notes
Turn   | Place    | Note
-------+----------+-------------------------------------------
     0 | D:5      | BritishOli the Demonspawn Delver began the quest for the
                  | Orb.
     0 | D:5      | Reached XP level 1. HP: 18/18 MP: 1/1
    35 | D:4      | Found Edaeth's Jewellery Emporium.
   112 | D:4      | Slain by a river rat

Illustrated notes

Levels and vault maps discovered:
D:4:      layout_rooms, portal_sewer_entry_b, serial_shops, shop,
          chequers_decorated_corner
D:5:      layout_rooms, minmay_temple_entry_crystal_x,
          minmay_misc_feat_secret_circle, minmay_misc_feat_tiny,
          minmay_misc_feat_tower, kennysheep_decorative_pillar, uniq_duvessa

Action                   || total
-------------------------++-------
Melee: Falchion          ||    10
  Use: Scroll            ||     1
Armor: Leather armour    ||     2
Dodge: Dodged            ||     4
       Rpst.: Falchion   ||     4

Table legend: (Time is in decaauts)
 A = Elapsed time spent in this place.
 B = Non-inter-level travel time spent in this place.
 C = Inter-level travel time spent in this place.
 D = Time resting spent in this place.
 E = Time spent auto-exploring this place.
 F = Levels seen in this place.
 G = Mean time per level.
                   A        B        C        D        E       F      G
               +--------+--------+--------+--------+--------+-----+--------+
         Total |    113 |     76 |     37 |      0 |     18 |   2 |   56.5 |
       Dungeon |    113 |     76 |     37 |      0 |     18 |   2 |   56.5 |
               +--------+--------+--------+--------+--------+-----+--------+

Top non-repeatable levels by time:
     D:4: 100 daAuts
     D:5: 13 daAuts
